Map: Mothership LE

Players

Mythshaker

  • Race: Protoss Protoss
  • Spawn Location: 1:00

beez

  • Race: Terran Terran
  • League: Silver
  • Spawn Location: 9:00

VOD

Have the link to the VOD?

Description

Time

  • Played on: Nov. 23, 2025, 1:13 a.m.
  • Length: 5:30
Show
View Real Time Build Order
Export as new Build Order

Mythshaker Protoss 

Build Orders: 1 Gate Expand 

Get SALT Encoding   

  1  0:00  Probe  
  12  0:06  Probe  
  14  0:20  Pylon  
  14  0:23  Probe  
  15  0:38  Probe  
  16  0:50  Gateway  
  16  0:51  Probe  
  17  0:58  Assimilator  
  17  1:13  Probe  
  18  1:20  Nexus  
  18  1:28  Probe  
  19  1:36  Probe  
  19  1:44  Cybernetics Core, Zealot  
  19  1:46  Probe  
  23  2:06  Pylon  
  23  2:24  Probe  
  24  2:32  Probe  
  24  2:36  Probe  
  26  2:40  Probe  
  26  2:47  Pylon  
  26  2:48  Probe  
  26  2:49  Zealot, Probe  
  30  3:00  Probe  
  30  3:01  Probe  
  32  3:11  Assimilator  
  32  3:18  Probe  
  33  3:24  Zealot  
  35  3:30  Probe  
  36  3:40  Probe  
  36  3:43  Probe  
  38  3:49  Probe  
  38  3:55  Probe  
  40  3:58  Probe  
  41  4:04  Probe  
  42  4:10  Probe  
  42  4:12  Probe  
  42  4:15  Assimilator  
  44  4:18  Assimilator  
  44  4:21  Probe  
  44  4:24  Stargate  
  45  4:32  Probe  
  45  4:34  Forge  
  46  4:40  Probe  
  47  4:48  Probe  
  46  5:13  Probe  
  45  5:18  Pylon  
  31  5:23  Pylon  
Show
View Real Time Build Order
Export as new Build Order

beez Terran 

Build Orders:  

Get SALT Encoding   

  12  0:01  SCV  
  13  0:15  Supply Depot  
  13  0:18  SCV  
  14  0:30  SCV  
  15  0:36  Supply Depot  
  15  0:45  SCV  
  16  0:50  Barracks  
  16  0:57  SCV  
  16  1:00  Refinery  
  17  1:09  SCV  
  18  1:21  Barracks, SCV  
  19  1:33  SCV  
  19  1:39  Engineering Bay  
  20  1:43  Marine  
  21  1:51  Refinery  
  21  2:02  Orbital Command  
  21  2:13  Terran Infantry Weapons Level 1  
  21  2:15  Barracks Tech Lab  
  21  2:20  Marine  
  22  2:28  SCV  
  22  2:49  Barracks  
  22  2:50  Combat Shield  
  22  2:56  Marauder  
  24  3:03  Barracks  
  24  3:06  SCV  
  24  3:10  Marine  
  26  3:18  Supply Depot  
  26  3:22  Marauder  
  28  3:34  Marine  
  29  3:38  Barracks Reactor  
  29  3:43  Marauder  
  29  3:46  Supply Depot  
  31  3:58  Marine x2  
  33  4:09  Marauder  
  35  4:14  Marine  
  35  4:15  Marine  
  37  4:22  Supply Depot  
  37  4:25  Marine  
  37  4:29  Marine  
  37  4:30  Marauder  
  41  4:35  Marine  
  41  4:36  Marine  
  43  4:43  Marine  
  44  4:51  Marine x2  
  46  4:53  Marine  
  46  4:54  Marine  
Tags
 
League
Silver
Matchup
PvT
Spawn Locations
Cross Positions
Add a new tag
Caveats
  • Supply blocks, unpowered buildings, or Contaminate may cause inaccurate times.
  • Supply counts are checked every 10 seconds.